 Dungeon Crawl Stone Soup version 0.21-a0-19-g210df22 (webtiles) character file.

280 minicreteconcrete the Magician (level 6, 0/43 HPs)
             Began as a Mummy Summoner on May 24, 2017.
             Slain by a killer bee (4 damage)
             ... on level 4 of the Dungeon.
             The game lasted 00:15:16 (5274 turns).

minicreteconcrete the Magician (Mummy Summoner)     Turns: 5274, Time: 00:15:16

Health: 0/43       AC:  7    Str: 11    XL:     6   Next: 5%
Magic:  2/12       EV: 12    Int: 16    God:
Gold:   212        SH:  0    Dex: 13    Spells: 4/13 levels left

rFire    x . .     SeeInvis .   a - +1 dagger (venom)
rCold    + . .     Gourm    .   (no shield)
rNeg     + + +     Faith    +   d - +1 robe
rPois    ∞         Spirit   .   (no helmet)
rElec    .         Reflect  .   t - +2 cloak {+Inv}
rCorr    .         Harm     .   (no gloves)
MR       .....                  k - +0 pair of boots
Stlth    ++........             u - amulet of faith
Regen    0.2/turn               (no ring)
MPRegen  0.2/turn               (no ring)

@: no status effects
A: no food or potions, fire vulnerability, cold resistance 1, negative energy
resistance 3, torment resistance, unbreathing
a: Evoke Invisibility


You were on level 4 of the Dungeon.
You were not hungry.

You visited 1 branch of the dungeon, and saw 4 of its levels.

You collected 212 gold pieces.

Inventory:

Hand Weapons
 a - a +1 dagger of venom (weapon)
 b - a +0 hunting sling
 e - a +2 hand axe of chopping
 s - a +2 quarterstaff of chaos
Missiles
 c - 177 stones (quivered)
 i - a throwing net
 o - 17 arrows
 q - 18 bolts
Armour
 d - a +1 robe (worn)
 k - a +0 pair of boots (worn)
 t - a +2 cloak of invisibility (worn)
Jewellery
 f - an uncursed amulet of the gourmand
 u - an amulet of faith (around neck)
Wands
 r - a wand of flame (14/48)
Scrolls
 g - a scroll of identify
 h - 2 scrolls of recharging
 j - a scroll of blinking
 l - 2 scrolls of remove curse
 n - a scroll of magic mapping
 p - a scroll of teleportation
Books
 m - a book of Callings

   Spells                             Type                      Level
   a - Summon Small Mammal            Summoning                    1
   b - Call Imp                       Summoning                    2
   c - Call Canine Familiar           Summoning                    3
   d - Summon Guardian Golem          Hexes/Summoning              3
   e - Summon Lightning Spire         Summoning/Air                4
   f - Summon Ice Beast               Ice/Summoning                4


   Skills:
 + Level 1.0 Fighting
 + Level 1.0 Short Blades
 + Level 0.8 Slings
 + Level 2.1 Dodging
 + Level 2.8 Stealth
 + Level 4.4 Spellcasting
 + Level 4.2 Summonings


You had 4 spell levels left.
You knew the following spells:

 Your Spells              Type           Power        Failure   Level  Hunger
a - Summon Small Mammal   Summ           ###.         2%          1    N/A
b - Call Imp              Summ           ###.....     4%          2    N/A
c - Call Canine Familiar  Summ           ###.....     9%          3    N/A
d - Summon Guardian Gole  Hex/Summ       ##......     21%         3    N/A

Dungeon Overview and Level Annotations

Branches:
Dungeon (4/15)
 Temple: D:4-7

Altars:
Ashenzari
Dithmenos
Wu Jian
Yredelemnul


Innate Abilities, Weirdness & Mutations

You do not eat or drink.
Your flesh is vulnerable to fire.
You are immune to poison.
Your flesh is cold resistant. (rC+)
You are immune to negative energy. (rN+++)
You are immune to unholy pain and torment.
You can survive without breathing.


Message History

You hit the killer bee but do no damage.
The killer bee is lightly wounded.
The killer bee stings you. The killer bee misses you.
The killer bee stings you! The killer bee barely misses you.
The killer bee stings you.
* * * LOW HITPOINT WARNING * * *
The killer bee stings you.
* * * LOW HITPOINT WARNING * * *
The killer bee misses you. The killer bee barely misses you.
The killer bee stings you.
* * * LOW HITPOINT WARNING * * *
Blink to where?
Press: ? - help, Dir - move target cursor, p - killer bee You can't see that place. [a stone staircase leading up.]
You cannot see that place.
Okay, then.
The killer bee stings you.
You die...

#......#.##......######
#......#.#...........!#####
#......#.#................y
########.#..#<8.......#####
#.#....#############
#.##8#.# #.........
#.##y#.# #.########
#.##y#.# #.# #..@.#.# #.#
######.# #.# #.# #.#
#.####.# #......# ########


You could see 2 killer bees and a friendly guardian golem (inner flame).

Vanquished Creatures
  Crazy Yiuf (D:4)
  Natasha (D:2)
  2 worker ants (D:4)
  3 adders (D:3)
  An ooze (D:3)
  2 worms (D:2)
  2 dart slugs
  A leopard gecko (D:3)
  4 orcs
  2 ball pythons
  6 goblins
  6 hobgoblins
  A jackal (D:1)
  3 quokkas
  5 bats
  4 frilled lizards
  3 kobolds
  8 rats
  A bush (D:2)
56 creatures vanquished.

Vanquished Creatures (collateral kills)
  The ghost of Paps the Shield-Bearer, an amateur GrFi (D:3)
  An orc priest (D:3)
  A centaur skeleton (D:4)
  Natasha (D:2)
  2 adders
  2 worms (D:2)
  A dart slug (D:1)
  2 leopard geckos
  2 orcs (D:3)
  A ball python (D:1)
  3 bats
  6 hobgoblins
  A quokka (D:3)
  2 frilled lizards
  3 goblins
  3 kobolds (D:1)
  A rat (D:1)
33 creatures vanquished.

Grand Total: 89 creatures vanquished

Notes
Turn   | Place    | Note
-------+----------+-------------------------------------------
     0 | D:1      | minicreteconcrete the Mummy Summoner began the quest for the Orb.
     0 | D:1      | Reached XP level 1. HP: 13/13 MP: 4/4
   358 | D:1      | Reached XP level 2. HP: 19/19 MP: 2/5
   362 | D:1      | Learned a level 2 spell: Call Imp
  1308 | D:2      | Noticed Natasha
  1317 | D:2      | Killed Natasha
  1317 | D:2      | Reached XP level 3. HP: 16/25 MP: 2/7
  1453 | D:2      | Learned a level 1 spell: Summon Small Mammal
  1457 | D:2      | Learned a level 3 spell: Call Canine Familiar
  1505 | D:2      | Found a basalt altar of Yredelemnul.
  1797 | D:2      | Noticed Natasha
  1804 | D:2      | Killed Natasha
  2279 | D:2      | Reached XP level 4. HP: 27/31 MP: 5/9
  3212 | D:3      | Found an ornate altar of the Wu Jian Council.
  3276 | D:3      | Noticed Paps's ghost (amateur GrFi)
  3279 | D:3      | Found a shattered altar of Ashenzari.
  3298 | D:3      | Killed Paps's ghost
  3367 | D:3      | Reached XP level 5. HP: 34/36 MP: 9/11
  3372 | D:3      | Learned a level 3 spell: Summon Guardian Golem
  3730 | D:3      | HP: 1/36 [orc priest/divine providence (10)]
  4126 | D:3      | Found a shadowy altar of Dithmenos.
  4528 | D:4      | Reached skill level 1 in Short Blades
  4841 | D:4      | Reached skill level 1 in Fighting
  4964 | D:4      | Found a runed door.
  4968 | D:4      | Noticed Crazy Yiuf
  4980 | D:4      | Killed Crazy Yiuf
  4980 | D:4      | Reached XP level 6. HP: 22/43 MP: 2/12
  5274 | D:4      | Slain by a killer bee

Vault maps used:
D:1:      co_arrival_random_square_maze, minmay_split_cup_large
D:2:      serial_forest, infiniplex_forest_clump_long, infiniplex_forest_end_1,
          infiniplex_forest_clump_medium, infiniplex_forest_3_way,
          infiniplex_forest_lined_room_2, infiniplex_forest_lined_room_3,
          infiniplex_forest_straight_2, infiniplex_forest_clump_long,
          lemuel_statue_altar, uniq_natasha
D:3:      nicolae_overflow_hidden_temple, evilmike_ruin_ashenzari,
          grunt_dithmenos_smoke
D:4:      lemuel_upstairs_altar, marbit_many_paths, uniq_crazy_yiuf_cottage

Skill      XL: |  1  2  3  4  5 |
---------------+----------------+-----
Spellcasting   | 3 4 |  4.4
Stealth        | 2 |  2.8
Summonings     | 4 |  4.2
Dodging        | 2 |  2.1
Short Blades   | 1 |  1.0
Fighting       | 1 |  1.0
Slings         | |  0.8

Action                   |  1- 3 |  4- 6 || total
-------------------------+-------+-------++-------
Melee: Dagger            |    58 |    95 ||   153
       Hand axe          |    16 |       ||    16
 Fire: Hunting sling     |     9 |       ||     9
 Cast: Summon Small Mamm |    25 |       ||    25
       Call Imp          |    11 |     7 ||    18
       Call Canine Famil |     6 |    15 ||    21
       Summon Guardian G |       |     3 ||     3
Evoke: Wand              |       |     3 ||     3
  Use: Scroll            |     7 |     3 ||    10
 Stab: Sleeping          |     2 |    10 ||    12
Armor: Robe              |    11 |    21 ||    32
Dodge: Dodged            |    30 |    56 ||    86
